AoeStats
← komutan logar

Oasis

508074454Analyzed
3v3 RM · 13d ago on Sep 20, 2026· 33m 5s· 6 players
Game mode
Random Map
Map size
Normal (6 player)
Population
200
Speed
Normal
Resources
Standard
Victory
Conquest
Starting age
Dark Age
Ending age
Imperial Age
RankedLock teamsTeams togetherTeam positionsShared explorationLock speedFull tech treeHidden civsTurbo modeCheats
Victory
Defeat
🇩🇪 Ethiopians · Germany
1358
+14
🇩🇪 Vietnamese · Germany
1349
+14
🇨🇭 Persians · Switzerland
1329
+15
🇹🇷 Persians · Türkiye
1476
-21
🇹🇷 Saracens · Türkiye
1236
-11
🇹🇷 Britons · Türkiye
1233
-11
Conqurues
6:35 Loom
9:09 Feudal Age
10:45 Double-Bit Axe
13:41 Horse Collar
15:37 Fletching
17:30 Padded Archer Armor
22:10 Wheelbarrow
26:36 Castle Age
26:40 Crossbowman
27:17 Bodkin Arrow
[GN]LAZURİ
10:29 Feudal Age
10:58 Double-Bit Axe
11:12 Loom
11:21 Horse Collar
15:01 Wheelbarrow
17:00 Bloodlines
17:04 Forging
19:43 Scale Barding Armor
21:48 Castle Age
20:42 Gold Mining
22:31 Husbandry
23:43 Bow Saw
23:35 Heavy Plow
26:27 Chain Barding Armor
29:42 Iron Casting
29:44 Hand Cart
30:23 Fletching
komutan logar
6:36 Loom
9:46 Feudal Age
10:28 Double-Bit Axe
13:54 Horse Collar
15:04 Fletching
15:49 Gold Mining
16:08 Padded Archer Armor
25:41 Wheelbarrow
32:59 Castle Age
31:01 Stone Mining
lance0420
6:43 Loom
9:18 Feudal Age
9:58 Double-Bit Axe
20:51 Castle Age
21:00 Crossbowman
21:41 Gold Mining
22:21 Fletching
24:06 Padded Archer Armor
25:56 Bodkin Arrow
elpain
6:46 Loom
9:34 Feudal Age
15:42 Fletching
21:26 Castle Age
20:08 Padded Archer Armor
22:04 Bodkin Arrow
21:31 Crossbowman
23:46 Leather Archer Armor
25:23 Double-Bit Axe
26:51 Bow Saw
32:13 Ballistics
myflanksarenoobs
9:17 Feudal Age
9:44 Double-Bit Axe
12:16 Horse Collar
20:15 Castle Age
18:58 Bloodlines
19:58 Scale Barding Armor
20:04 Forging
21:53 Wheelbarrow
21:26 Husbandry
21:49 Bow Saw
25:39 Chain Barding Armor
31:57 Iron Casting
31:24 Gold Mining
32:47 Heavy Plow
Connection lost

Rejoining the realm…

Still unreachable

The connection could not be restored.

Session expired

The server has moved on; the page needs a fresh start.